 Dungeon Crawl Stone Soup version 0.14-a0-1844-g8283a67 (webtiles) character file.

392 HollowCharge the Ducker (level 6, -2/52 HPs)
             Began as a Draconian Fighter on Jan 11, 2014.
             Slain by a killer bee (5 damage)
             ... on Level 4 of the Dungeon.
             The game lasted 00:19:29 (3904 turns).

HollowCharge the Ducker (Draconian Fighter)         Turns: 3904, Time: 00:19:29

HP  -2/52        AC  8     Str 23      XL: 6   Next:  3%
MP   6/6         EV 13     Int  8      God:
Gold 119         SH 20     Dex 13      Spells:  0 memorised,  5 levels left

rFire  . . .     SeeInvis .     a - +0 trident
rCold  . . .     Clarity  .     (armour unavailable)
rNeg   . . .     Conserve .     c - +0 shield
rPois  .         rCorr    .     (helmet restricted)
rElec  .         rRot     .     (no cloak)
SustAb . .       Spirit   .     b - +0 pair of gloves
rMut   .         Warding  .     x - +0 pair of boots
Saprov . . .     Stasis   .     l - amulet of faith
                                (no ring)
                                h - +1 ring of evasion

@: mighty, mildly poisoned, slightly resistant to hostile enchantments,
unstealthy
A: unfitting armour, AC +6
a: no special abilities


You were on level 4 of the Dungeon.
You were very hungry.

You visited 1 branch of the dungeon, and saw 4 of its levels.

You collected 119 gold pieces.

Inventory:

Hand weapons
 a - a +0,+0 trident (weapon)
 n - a +0,+0 spear
Armour
 b - a +0 pair of gloves (worn)
 c - a +0 shield (worn)
 d - a +0 pair of boots
 j - a +0 shield
 x - a +0 pair of boots (worn)
Comestibles
 f - 4 bread rations
 g - 2 meat rations
 v - a banana
 B - a choko
 C - an apple
 E - a pear
Scrolls
 o - 2 scrolls of identify
 q - a scroll of enchant weapon I {unknown}
 w - 2 scrolls of remove curse
 y - a scroll of curse armour {unknown}
 A - 2 scrolls of random uselessness {unknown}
 D - a scroll of fear {unknown}
 H - a scroll of curse weapon {unknown}
Jewellery
 e - an uncursed ring of positive energy {unknown}
 h - a +1 ring of evasion (left hand)
 l - an amulet of faith (around neck)
 m - an uncursed ring of sustain abilities {unknown}
 r - a +1 ring of dexterity {unknown}
 F - an uncursed amulet of guardian spirit {unknown}
Potions
 i - 2 potions of invisibility
 k - a potion of heal wounds {unknown}
 p - 2 potions of might
 t - 2 potions of curing {unknown}
 u - a potion of brilliance {unknown}
 z - a potion of magic {unknown}


   Skills:
 + Level 3.8 Fighting
 + Level 3.2 Polearms
 + Level 4.7 Dodging
 + Level 0.2 Stealth
 + Level 4.0 Shields


You had 5 spell levels left.
You didn't know any spells.

Dungeon Overview and Level Annotations

Branches:
Dungeon (4/16)
 Temple: D:4-7

Altars:
Cheibriados

Annotations:
D:3 Sigmund


Message History

You hit the killer bee but do no damage.
The killer bee is almost dead.
You feel sick.
The killer bee stings you but does no damage.
The killer bee stings you!
* * * LOW HITPOINT WARNING * * *
You are more poisoned.
The killer bee poisons you! You block the killer bee's attack.
The killer bee closely misses you. The killer bee completely misses you.
You feel very mighty all of a sudden.
It was a potion of might.
* * * LOW HITPOINT WARNING * * *
You feel sick. You block the killer bee's attack.
The killer bee stings you but does no damage.
You block the killer bee's attack. The killer bee stings you.
* * * LOW HITPOINT WARNING * * *
You feel refreshed.
It was a potion of restore abilities.
The killer bee stings you but does no damage.
You block the killer bee's attack. The killer bee stings you.
You die...

#.....#
#..##.##.#
#### #.....#
#..##.##.###
...........#
#..#.......#
######.....#
#..#.......# .
......#
#..#.......# #
###...>#
#..#.......#
######
#..#.......#
#..#.......#
#.@#.......#
#kk#.......#
............#
###..#.......#
#.....######
......# #...
.# #.... # ...


You could see 2 killer bees.

Vanquished Creatures
  A killer bee (D:4)
  An orc priest (D:4)
  2 orc wizards (D:3)
  4 adders
  3 giant geckos (D:1)
  An ooze (D:1)
  15 orcs
  A ball python (D:3)
  6 bats
  2 giant cockroaches
  15 hobgoblins
  4 jackals (D:2)
  12 kobolds
  A quokka (D:2)
  6 giant newts
  13 goblins
  10 rats
97 creatures vanquished.

Notes
Turn   | Place    | Note
--------------------------------------------------------------
     0 | D:1      | HollowCharge, the Draconian Fighter, began the quest for the Orb.
     0 | D:1      | Reached XP level 1. HP: 19/19 MP: 1/1
   157 | D:1      | Reached XP level 2. HP: 26/26 MP: 2/2
   808 | D:2      | Reached XP level 3. HP: 22/31 MP: 3/3
  1576 | D:3      | Reached XP level 4. HP: 37/40 MP: 4/4
  1816 | D:3      | Noticed Sigmund
  2110 | D:3      | Reached skill level 4 in Dodging
  2126 | D:3      | HP: 2/40 [something (3)]
  2138 | D:3      | Reached XP level 5. HP: 4/46 MP: 5/5
  3122 | D:4      | Found a snail-covered altar of Cheibriados.
  3894 | D:4      | Reached XP level 6. HP: 40/52 MP: 6/6
  3904 | D:4      | Slain by a killer bee

Action                   |  1- 3 |  4- 6 || total
-------------------------+-------+-------++-------
Melee: Trident           |   150 |   191 ||   341
  Use: Scroll            |     6 |     3 ||     9
       Potion            |       |     2 ||     2
